 Dungeon Crawl Stone Soup version 0.25-a0-578-gc91f01c39c (webtiles) character file.

Game seed: 8525207491282847484, levelgen mode: deterministic

421 drasked the Magician (level 6, -2/32 HPs)
             Began as a Deep Elf Wizard on Mar 5, 2020.
             Slain by an iguana (14 damage)
             ... on level 4 of the Dungeon.
             The game lasted 00:10:21 (4417 turns).

drasked the Magician (Deep Elf Wizard)              Turns: 4417, Time: 00:10:22

Health: -2/32      AC:  2    Str:  4    XL:     6   Next: 62%
Magic:  12/17      EV: 13    Int: 25    God:
Gold:   271        SH:  0    Dex: 13    Spells: 10/18 levels left

rFire    + . .     SeeInvis .   v - -3 demon trident
rCold    + . .     Gourm    .   (no shield)
rNeg     . . .     Faith    .   a - +0 robe
rPois    .         Spirit   .   b - +0 hat
rElec    .         Reflect  .   j - scarf {rC+ rF+}
rCorr    .         Harm     .   (no gloves)
MR       .....                  (no boots)
Stlth    ++........             (no amulet)
HPRegen  0.10/turn              (no ring)
MPRegen  0.15/turn              (no ring)

@: no status effects
A: no striking features
a: no special abilities


You were on level 4 of the Dungeon.
You were very hungry.

You visited 1 branch of the dungeon, and saw 4 of its levels.

You collected 272 gold pieces.
You spent 1 gold pieces at shops.

Inventory:

Hand Weapons
 o - a +0 dagger
   (You took it off an orc wizard on level 3 of the Dungeon)
 v - a -3 demon trident (weapon)
   (You bought it in a shop on level 4 of the Dungeon)
Missiles
 n - 5 poisoned darts (quivered)
Armour
 a - a +0 robe (worn)
 b - a +0 hat (worn)
 j - a scarf of resistance (worn)
   (You found it on level 1 of the Dungeon)
Wands
 i - a wand of flame (12)
   (You took it off Ijyb on level 3 of the Dungeon)
 t - a wand of iceblast (7)
   (You found it on level 3 of the Dungeon)
Scrolls
 h - a scroll of magic mapping {unknown}
 l - 5 scrolls of identify {unknown}
 q - a scroll of remove curse {unknown}
 s - a scroll of blinking {unknown}
 u - a scroll of teleportation {unknown}
Potions
 c - a potion of might {unknown}
 d - 4 potions of curing {unknown}
 f - a potion of stabbing {unknown}
 g - 2 potions of heal wounds {unknown}
 k - a potion of degeneration {unknown}
 m - a potion of brilliance {unknown}
 p - a potion of lignification {unknown}
 r - a potion of invisibility {unknown}
Comestibles
 e - 7 rations


   Skills:
 - Level 2.4 Dodging
 - Level 2.4 Stealth
 + Level 6.8 Spellcasting
 * Level 6.2 Conjurations
 - Level 1.1 Summonings
 - Level 1.1 Translocations


You had 10 spell levels left.
You knew the following spells:

 Your Spells              Type           Power        Failure   Level  Hunger
a - Magic Dart            Conj           ####         1%          1    None
b - Blink                 Tloc           N/A          7%          2    None
c - Call Imp              Summ           ##......     7%          2    None
x - Mephitic Cloud        Conj/Pois/Air  ###.....     9%          3    None

Your spell library contained the following spells:

 Spells                   Type           Power        Failure   Level  Hunger
 Conjure Flame            Conj/Fire      ###.....     6%          3    None
 Slow                     Hex            #.......     11%         2    None


Dungeon Overview and Level Annotations

Branches:
Dungeon (4/15)
 Temple: D:4-7

Altars:
Gozag
Yredelemnul
The Shining One

Shops:
D:4 (*


Message History

Throwing (i - inventory)
n - 10 poisoned darts (quivered)
Aim: an iguana You throw a poisoned dart.
The poisoned dart hits the iguana.
The iguana is poisoned.
Aim: an iguana (lightly wounded, poisoned)
The magic dart hits the iguana but does no damage.
Aim: an iguana (lightly wounded, poisoned)
The magic dart hits the iguana but does no damage.
Aim: an iguana (lightly wounded, poisoned)
The magic dart hits the iguana!
Aim: an iguana (heavily wounded, poisoned)
The magic dart hits the iguana.
Aim: an iguana (severely wounded, poisoned)
The magic dart hits the iguana.
The iguana looks more healthy.
You hit the iguana but do no damage. The iguana bites you!
You hit the iguana but do no damage.
You are feeling very hungry.
The iguana bites you.
* * * LOW HITPOINT WARNING * * *
Aim: an iguana (severely wounded)
The magic dart hits the iguana.
The iguana bites you!
* * * LOW HITPOINT WARNING * * *
The ball explodes into a vile cloud!
The stinking cloud engulfs the iguana but does no damage.
You hear a shout! x2; You hear an angry hiss.
You hear a shout!
The iguana is engulfed in noxious fumes.
The iguana appears confused.
You kill the iguana!
A dart slug comes into view.
You see here an iguana corpse.
You butcher the iguana corpse.
Things that are here:
a chunk of flesh {@w0}; an iguana skeleton
Aim: a dart slug The ball explodes into a vile cloud!
The stinking cloud engulfs the dart slug but does no damage.
The dart slug is engulfed in noxious fumes.
The dart slug appears confused.
u - a chunk of flesh {@w0} The dart slug is engulfed in noxious fumes.
The dart slug appears confused.
Eating a chunk of flesh {@w0}.
You eat the chunk of flesh {@w0}.
There is a stone staircase leading up here.
You start resting.
You start resting.
You are feeling hungry.
You start resting.
You now have 262 gold pieces (gained 13).
Found a stone staircase leading up.
Found Saolau Pali's Lightly-Used Armoury.
u - a scroll labeled YCESOPPENOG The dart slug is too close now for your liking.
You see here 10 gold pieces.
A dart slug is nearby!
Aim: a dart slug (hasn't noticed you)
The magic dart hits the dart slug!
Aim: a dart slug (severely wounded)
The magic dart hits the dart slug.
You kill the dart slug!
You start resting.
You now have 272 gold pieces (gained 10).
Found an escape hatch in the floor.
There is an entrance to Saolau Pali's Lightly-Used Armoury here.
v - a -3 demon trident Thank you for shopping at Saolau Pali's Lightly-Used Armoury!
v - a -3 demon trident (weapon)
You are feeling very hungry.
Found a stone staircase leading up.
An iguana comes into view.
An iguana is nearby!
Throwing (i - inventory)
n - 9 poisoned darts (quivered)
Aim: an iguana (hasn't noticed you)
You throw a poisoned dart. The poisoned dart hits the iguana.
The iguana hisses angrily.
Throwing (i - inventory)
n - 8 poisoned darts (quivered)
Aim: an iguana You throw a poisoned dart.
The poisoned dart closely misses the iguana.
Throwing (i - inventory)
n - 7 poisoned darts (quivered)
Aim: an iguana You throw a poisoned dart.
The poisoned dart hits the iguana.
Throwing (i - inventory)
n - 6 poisoned darts (quivered)
Aim: an iguana You throw a poisoned dart.
The poisoned dart hits the iguana.
The iguana is poisoned.
Aim: an iguana (lightly wounded, poisoned)
The magic dart hits the iguana.
Aim: an iguana (lightly wounded, poisoned)
The magic dart hits the iguana.
The iguana bites you!
Aim: an iguana (moderately wounded, poisoned)
The magic dart hits the iguana but does no damage.
The iguana closely misses you.
Aim: an iguana (moderately wounded, poisoned)
The magic dart hits the iguana.
The iguana barely misses you.
Aim: an iguana (moderately wounded, poisoned)
The magic dart hits the iguana.
The iguana bites you!
* * * LOW HITPOINT WARNING * * *
Aim: an iguana (severely wounded, poisoned)
The magic dart hits the iguana.
The iguana bites you!
You die...

.#...........
..#..รท.....(...##%....##
.###........(...........
## #######...........[<.
# #......!....... #
##.............
#..............
#............(.
#)....@l..((...
#................#
##...............#
#...............#
#...>...........##
##...............#
#..............)#
##..............#
#..............#


You could see an iguana.

Levels and vault maps discovered:
D:1:      dpeg_arrival_rooms_a, layout_loops_ring, hex_tiny, st_stairs_5,
          minmay_box_of_dots
D:2:      layout_basic, first_ration, corexii_corridor_pit,
          kennysheep_decorative_pillar
D:3:      layout_rooms, nicolae_overflow_hidden_temple, uniq_sigmund,
          uniq_crazy_yiuf_cottage, uniq_ijyb
D:4:      layout_cave_pods, serial_shops, nicolae_shop_statue_plus,
          minmay_shop_damaged, uniq_pikel

Notes
Turn   | Place    | Note
-------+----------+-------------------------------------------
     0 | D:1      | drasked the Deep Elf Wizard began the quest for the Orb.
     0 | D:1      | Reached XP level 1. HP: 10/10 MP: 7/7
     4 | D:1      | Identified a +0 hand axe (You found it on level 1 of the
                  | Dungeon)
   180 | D:1      | Identified a +0 dagger
   451 | D:1      | Identified a +0 club
   455 | D:1      | Reached skill level 2 in Conjurations
   455 | D:1      | Reached XP level 2. HP: 15/15 MP: 4/9
   603 | D:1      | Identified a +0 short sword
   738 | D:1      | Identified a scarf of resistance (You found it on level 1
                  | of the Dungeon)
  1414 | D:2      | Identified a +0 dagger
  1415 | D:2      | Reached XP level 3. HP: 19/19 MP: 9/11
  1420 | D:2      | Identified a +0 ring mail
  1612 | D:2      | Identified a +0 hunting sling
  1613 | D:2      | Reached skill level 5 in Spellcasting
  1620 | D:2      | Reached skill level 3 in Conjurations
  1883 | D:2      | Learned a level 2 spell: Blink
  1887 | D:2      | Learned a level 3 spell: Mephitic Cloud
  1890 | D:2      | Learned a level 2 spell: Call Imp
  2288 | D:3      | Identified a +0 short sword
  2292 | D:3      | Identified a +0 hand axe
  2299 | D:3      | Identified a +0 flail
  2299 | D:3      | Identified a +0 chain mail
  2301 | D:3      | Identified a +0 dagger
  2301 | D:3      | Identified a +0 robe
  2630 | D:3      | Reached XP level 4. HP: 20/24 MP: 9/13
  2725 | D:3      | Reached skill level 4 in Conjurations
  2799 | D:3      | Identified a +0 dagger
  2804 | D:3      | Identified a +0 short sword
  2805 | D:3      | Identified a +0 scythe
  2805 | D:3      | Identified a +0 robe
  2805 | D:3      | Noticed Sigmund
  2815 | D:3      | Killed Sigmund
  2815 | D:3      | Reached skill level 6 in Spellcasting
  2815 | D:3      | Reached skill level 5 in Conjurations
  2815 | D:3      | Reached XP level 5. HP: 25/28 MP: 0/15
  2930 | D:3      | Reached XP level 6. HP: 32/32 MP: 17/17
  3057 | D:3      | Identified a cursed -1 club
  3057 | D:3      | Identified a +0 robe
  3109 | D:3      | Identified a +0 whip of electrocution
  3147 | D:3      | Identified a +0 dagger
  3217 | D:3      | Identified a +0 club
  3217 | D:3      | Identified a +0 ring mail
  3217 | D:3      | Noticed Ijyb
  3245 | D:3      | Found a glowing golden altar of the Shining One.
  3245 | D:3      | Found a basalt altar of Yredelemnul.
  3373 | D:3      | Found a runed translucent door.
  3374 | D:3      | Identified a +4 quarterstaff of chaos
  3374 | D:3      | Identified a +0 cloak
  3374 | D:3      | Noticed Crazy Yiuf
  3495 | D:3      | Killed Ijyb
  3743 | D:3      | Found an opulent altar of Gozag.
  3820 | D:3      | Killed Crazy Yiuf
  3939 | D:4      | Found Ysmafyav's Antique Weapon Emporium.
  3976 | D:4      | Reached skill level 6 in Conjurations
  4072 | D:4      | HP: 5/32 [iguana (14)]
  4368 | D:4      | Found Saolau Pali's Lightly-Used Armoury.
  4394 | D:4      | Bought a -3 demon trident for 1 gold piece
  4417 | D:4      | Slain by an iguana

Table legend:
 A = Turns spent in this place as a percentage of turns spent in the entire game.
 B = Non-inter-level travel turns spent in this place as a percentage of non-inter-level travel turns spent in the entire game.
 C = Inter-level travel turns spent in this place as a percentage of turns spent in this place.
 D = Turns resting spent in this place as a percentage of non-inter-level travel turns spent in this place.
 E = Turns spent auto-exploring this place as a percentage of non-inter-level travel turns spent in this place.
 F = Non-inter-level travel turns spent in this place divided by the number of levels of this place that you've seen.
                   A       B       C       D       E      F
               +-------+-------+-------+-------+-------+----------------------
         Total | 100.0 | 100.0 |   3.9 |  44.4 |  42.0 | 1061.5
       Dungeon | 100.0 | 100.0 |   3.9 |  44.4 |  42.0 | 1061.5
               +-------+-------+-------+-------+-------+----------------------

Table legend:
 A = Kills in this place as a percentage of kills in entire the game.
 B = Kills by you in this place as a percentage of kills by you in the entire game.
 C = Kills by friends in this place as a percentage of kills by friends in the entire game.
 D = Other kills in this place as a percentage of other kills in the entire game.
 E = Experience gained in this place as a percentage of experience gained in the entire game.
 F = Experience gained in this place divided by the number of levels of this place that you have seen.
                   A       B       C       D       E      F
               +-------+-------+-------+-------+-------+----------------------
         Total | 100.0 | 100.0 |   N/A |   N/A | 100.0 | 150.5
       Dungeon | 100.0 | 100.0 |   N/A |   N/A | 100.0 | 150.5
               +-------+-------+-------+-------+-------+----------------------

Skill      XL: |  1  2  3  4  5  6 |
---------------+-------------------+-----
Conjurations   | 2 3 5 6 |  6.2
Spellcasting   | 5 6 |  6.8
Dodging        | |  2.4
Stealth        | |  2.4
Summonings     | |  1.1
Translocations | |  1.1

Action                   |  1- 3 |  4- 6 || total
-------------------------+-------+-------++-------
Melee: Hand axe          |     5 |     2 ||     7
       Dagger            |       |    20 ||    20
Throw: Dart              |       |    17 ||    17
 Cast: Magic Dart        |    86 |    69 ||   155
       Mephitic Cloud    |       |    10 ||    10
       Call Imp          |       |     2 ||     2
 Stab: Sleeping          |     1 |       ||     1
       Confused          |       |     1 ||     1
  Eat: Chunk             |     3 |     3 ||     6
       Ration            |     1 |       ||     1
Armor: Robe              |     4 |     4 ||     8
Dodge: Dodged            |    21 |    24 ||    45

Vanquished Creatures
  Sigmund (D:3)
  A scorpion (D:4)
  Crazy Yiuf (D:3)
  An iguana (D:4)
  Ijyb (D:3)
  An orc wizard (D:3)
  5 adders
  2 worms
  An adder skeleton (D:4)
  4 dart slugs
  3 leopard geckos
  5 orcs
  2 ball pythons
  2 giant cockroaches
  4 goblins
  5 hobgoblins
  10 bats
  4 frilled lizards
  10 kobolds
  3 rats
66 creatures vanquished.
